 Dungeon Crawl Stone Soup version 0.18.0-1-g0107ab7 (webtiles) character file.

137 Locuples the Ruffian (level 5, -1/44 (46) HPs)
             Began as a Ghoul Monk on May 5, 2016.
             Was a Believer of Trog.
             Slain by a gnoll
             ... wielding a +0 spear
              (9 damage)
             ... on level 3 of the Dungeon.
             The game lasted 00:06:43 (2205 turns).

Locuples the Ruffian (Ghoul Monk)                   Turns: 2205, Time: 00:06:43

HP:   -1/44 (46)    AC:  3    Str: 16    XL:     5   Next: 20%
MP:   4/4           EV: 13    Int:  5    God:    Trog [**....]
Gold: 48            SH:  0    Dex: 11    Spells: 0 memorised, 4 levels left

rFire  . . .     SeeInvis .       - Unarmed
rCold  + . .     Gourm    .     a - +0 robe
rNeg   + + +     Faith    .     (no shield)
rPois  ∞         Spirit   .     (no helmet)
rElec  .         Dismiss  .     (no cloak)
rCorr  .         Reflect  .     (no gloves)
SustAt .         Harm     .     h - +0 pair of boots
MR     ++...                    (no amulet)
Stlth  ++........               (no ring)
                                (no ring)

@: regenerating, rotting, very resistant to hostile enchantments, unstealthy
A: rotting body, claws 1, carnivore 3, cold resistance 1, negative energy
resistance 3, slow regeneration 1, torment resistance, unbreathing
a: Trog's Hand, Burn Spellbooks, Renounce Religion


You were on level 3 of the Dungeon.
You worshipped Trog.
Trog was pleased with you.
You were not hungry.

You visited 1 branch of the dungeon, and saw 3 of its levels.

You collected 48 gold pieces.

Inventory:

Armour
 a - a +0 robe (worn)
 h - a +0 pair of boots (worn)
Scrolls
 c - 4 scrolls of identify {unknown}
 e - a scroll of recharging {unknown}
 j - a scroll of blinking {unknown}
 k - a scroll of enchant weapon {unknown}
 l - a scroll of fear {unknown}
Potions
 d - a potion of degeneration {unknown}
 g - a potion of haste {unknown}
 i - a potion of ambrosia {unknown}
Comestibles
 b - 2 meat rations
 f - 2 beef jerkies


   Skills:
 + Level 3.8 Fighting
 + Level 3.8 Dodging
 + Level 2.8 Stealth
 + Level 5.4 Unarmed Combat


You had 4 spell levels left.
You didn't know any spells.

Dungeon Overview and Level Annotations

Branches:
Dungeon (3/15)

Altars:
Elyvilon
Nemelex Xobeh
Trog
Yredelemnul


Innate Abilities, Weirdness & Mutations

Your body is rotting away.
You thrive on raw meat.
You are immune to poison.
You have sharp fingernails.
You are carnivorous and can eat meat at any time.
Your flesh is cold resistant.
You are immune to negative energy.
You regenerate slowly when monsters are visible.
You are immune to unholy pain and torment.
You can survive without breathing.


Message History

Drink which item? (? for menu, Esc to quit)
Okay, then.
Your skin crawls.
You feel resistant to hostile enchantments.
You feel slightly more hungry. The gnoll hits you with a spear!
* * * LOW HITPOINT WARNING * * *
You scratch the gnoll but do no damage.
The gnoll is moderately wounded.
The gnoll completely misses you.
You scratch the gnoll.
The gnoll is severely wounded.
The gnoll barely misses you.
You scratch the gnoll but do no damage.
The gnoll is severely wounded.
The gnoll hits you with a spear.
* * * LOW HITPOINT WARNING * * *
You closely miss the gnoll. You claw the gnoll, but do no damage.
The gnoll is severely wounded.
The gnoll hits you with a spear!
You die...

....#.#.#
#....####.....#
#.###.#.#
#.####.#)###..# #.#
...###.# #.#.## ..#
#.# #..##..# ##)#.#
..# #.#
#..##..###.#.####..#
#.#
.........[####.....#
#.# ..........#
#....# #.#
..........####....#
...>.#...gg@.)....#
.... ##############
###


You could see 2 gnolls.

Vanquished Creatures
  An orc priest (D:3)
  3 adders
  A gnoll (D:3)
  4 worms (D:2)
  A dart slug (D:3)
  4 orcs (D:3)
  3 ball pythons
  2 giant cockroaches
  8 goblins
  3 hobgoblins
  3 jackals (D:2)
  5 kobolds
  8 bats
  2 giant newts (D:2)
  6 rats
54 creatures vanquished.

Notes
Turn   | Place    | Note
--------------------------------------------------------------
     0 | D:1      | Locuples the Ghoul Monk began the quest for the Orb.
     0 | D:1      | Reached XP level 1. HP: 19/19 MP: 0/0
   250 | D:1      | Reached XP level 2. HP: 23/26 MP: 1/1
   817 | D:2      | Found a sparkling altar of Nemelex Xobeh.
   854 | D:2      | Reached skill level 5 in Unarmed Combat
   854 | D:2      | Reached XP level 3. HP: 24/31 MP: 2/2
  1190 | D:2      | Reached XP level 4. HP: 19/38 MP: 3/3
  1288 | D:2      | Found a bloodstained altar of Trog.
  1293 | D:2      | Became a worshipper of Trog the Wrathful
  1293 | D:2      | Reached * piety under Trog
  1293 | D:2      | Reached ** piety under Trog
  1392 | D:2      | Found a basalt altar of Yredelemnul.
  1456 | D:2      | Found a white marble altar of Elyvilon.
  2043 | D:3      | Reached XP level 5. HP: 26/44 MP: 4/4
  2205 | D:3      | Slain by a gnoll

Skill      XL: |  1  2 |
---------------+-------+-----
Dodging        | 3 |  3.8
Unarmed Combat | 5 |  5.4
Fighting       | |  3.8
Stealth        | |  2.8

Action                   |  1- 3 |  4- 6 || total
-------------------------+-------+-------++-------
Melee: Unarmed           |    75 |    82 ||   157
       Punch             |       |     2 ||     2
Invok: Trog's Hand       |       |     1 ||     1
 Stab: Sleeping          |     1 |     1 ||     2
  Eat: Chunk             |     7 |       ||     7
Armor: Robe              |    30 |    10 ||    40
Dodge: Dodged            |    62 |    45 ||   107
